 Dungeon Crawl Stone Soup version 0.14-a0-1739-g6c2808e (webtiles) character file.

1197 HollowCharge the Slasher (level 7, -7/62 HPs)
             Began as a Djinni Abyssal Knight on Jan 3, 2014.
             Was a Priest of Lugonu.
             Mangled by an ogre
             ... wielding a +0,+0 giant club
              (12 damage)
             ... on Level 7 of the Dungeon.
             The game lasted 00:36:32 (5836 turns).

HollowCharge the Slasher (Djinni Abyssal Knight)    Turns: 5836, Time: 00:36:32

HP  -7/62        AC 15     Str 14      XL: 7   Next: 92%
MP   0/0         EV  2     Int 12      God: Lugonu [***...]
Gold 236         SH  0     Dex 13      Spells:  0 memorised,  6 levels left

rFire  + + +     SeeInvis .     a - +2,+3 falchion
rCold  x . .     Clarity  .     n - +2 plate armour
rNeg   + + +     Conserve .     (no shield)
rPois  .         rCorr    .     (no helmet)
rElec  .         rRot     .     (no cloak)
SustAb . .       Spirit   .     (no gloves)
rMut   .         Warding  .     (boots unavailable)
Saprov . . .     Stasis   +     i - cursed amulet of stasis
                                (no ring)
                                b - +2 ring of protection

@: flying, slightly resistant to hostile enchantments, extremely unstealthy
A: fire immunity, cold vulnerability, life protection 3
a: Depart the Abyss, Bend Space, Banish, Renounce Religion


You were on level 7 of the Dungeon.
You worshipped Lugonu.
Lugonu was most pleased with you.
You were not hungry.

You visited 1 branch of the dungeon, and saw 7 of its levels.
You visited the Abyss 1 time.

You collected 236 gold pieces.

Inventory:

Hand weapons
 a - a +2,+3 falchion (weapon)
Armour
 g - a +0 dwarven scale mail
 n - a +2 plate armour (worn)
Magical devices
 d - a wand of flame (8) {unknown}
Scrolls
 p - a scroll of enchant weapon II
 r - 2 scrolls of fear
 t - a scroll of remove curse
Jewellery
 b - a +2 ring of protection (left hand)
 c - an uncursed ring of magical power
 e - an uncursed ring of flight {unknown}
 f - a +4 ring of intelligence {unknown}
 i - a cursed amulet of stasis (around neck)
 m - an uncursed ring of protection from fire {unknown}
Potions
 h - 3 potions of heal wounds
 j - a potion of paralysis {unknown}
 k - a potion of curing {unknown}
 l - 2 potions of agility {unknown}
Books
 q - a book of Ice

   Spells                             Type                      Level
   Freezing Aura                      Charms/Ice                   2
   Ensorcelled Hibernation            Hexes/Ice                    2
   Ozocubu's Refrigeration            Ice                          6
   Bolt of Cold                       Conjuration/Ice              6
   Freezing Cloud                     Conjuration/Ice/Air          6
   Metabolic Englaciation             Hexes/Ice                    6
   Simulacrum                         Ice/Necromancy               6


   Skills:
 + Level 5.9 Fighting
 + Level 6.4 Long Blades
 - Level 2.2 Armour
 - Level 0.8 Dodging
 + Level 3.2 Invocations


You had 6 spell levels left.
You didn't know any spells.

Dungeon Overview and Level Annotations

Branches:
Dungeon (7/16)             Temple (0/1) D:4

Altars:
Okawaru
the Shining One

Annotations:
D:5 wojtek's ghost, experienced TeGl


Innate Abilities, Weirdness & Mutations

You are immune to all types of fire, even holy and hellish.
You are vulnerable to cold.
You need no food.
You have no legs.
You are immune to negative energy.


Message History

You hit the ogre.
The ogre is lightly wounded.
The ogre hits you with a giant club!
You hit the ogre.
The ogre is lightly wounded.
The ogre hits you with a giant club!
You hit the ogre.
The ogre is moderately wounded.
You slash the ogre!
The ogre is heavily wounded.
The ogre hits you with a giant club.
* * * LOW HITPOINT WARNING * * *
You hit the ogre.
The ogre is severely wounded.
The ogre hits you with a giant club!
* * * LOW HITPOINT WARNING * * *
Your plate armour prevents you from hitting the ogre.
The ogre is severely wounded.
The ogre hits you with a giant club!
You die...

#..##.#
#..##.......
#..##.# #..#
.......
#..##.# #..#
..##...
#.<##.# #..#
..# .. #..##.#
#..# ..#
#..##.# #..#
..# #.....#
#..# . #.....#
#..# #....@#
#..#
#.###O#####..#
#. #........#
#. #........#
#.####...# #.#
#...<.. #.#
#....... #.#
#....... #.#
#.......


You could see an ogre.

Vanquished Creatures
  A centaur (D:5)
  A phantom (D:5)
  An ogre (D:4)
  A wight (D:4)
  An orc priest (D:5)
  2 hounds
  3 iguanas (D:4)
  4 orc wizards
  6 worker ants
  An ogre zombie (D:5)
  2 gnolls
  5 adders
  A giant mite (D:2)
  6 worms
  An iguana skeleton (D:5)
  A giant eyeball (D:4)
  An ooze (D:2)
  17 orcs
  A ball python (D:4)
  3 bats (D:4)
  A bat skeleton (D:4)
  A giant cockroach (D:1)
  11 goblins
  11 hobgoblins
  3 jackals (D:4)
  5 giant geckos
  7 giant newts
  A hobgoblin skeleton (D:5)
  7 kobolds
  A kobold skeleton (D:4)
  An orc skeleton (D:4)
  2 quokkas
  10 rats
120 creatures vanquished.

Notes
Turn   | Place    | Note
--------------------------------------------------------------
     0 | Abyss:1  | HollowCharge, the Djinni Abyssal Knight, began the quest for the Orb.
     0 | Abyss:1  | Reached XP level 1. HP: 16/16 MP: 0/0
    29 | Abyss:1  | Found a corrupted altar of Lugonu.
    53 | D:1      | Escaped the Abyss
   221 | D:1      | Reached XP level 2. EP: 20/22
   223 | D:1      | Reached skill level 3 in Fighting
   568 | D:1      | Acquired Lugonu's second power
   612 | D:1      | Reached XP level 3. EP: 29/29
  1680 | D:3      | Reached XP level 4. EP: 32/35
  2101 | D:3      | Found a glowing golden altar of the Shining One.
  2277 | D:3      | Noticed an ogre
  2498 | D:4      | Found a staircase to the Ecumenical Temple.
  2525 | D:4      | Paralysed by a giant eyeball for 4 turns
  2531 | D:4      | Paralysed by a giant eyeball for 3 turns
  2600 | D:4      | Reached skill level 4 in Fighting
  2600 | D:4      | Reached XP level 5. EP: 38/43
  3277 | D:3      | Acquired Lugonu's third power
  3371 | D:4      | Reached XP level 6. EP: 30/51
  3654 | D:3      | Reached skill level 5 in Long Blades
  3718 | D:4      | Reached skill level 5 in Fighting
  4173 | D:4      | Noticed an ogre
  4320 | D:5      | Entered Level 5 of the Dungeon
  4476 | D:5      | Noticed wojtek's ghost (experienced TeGl)
  4576 | D:4      | Killed an ogre
  4576 | D:4      | Reached XP level 7. EP: 24/59
  4842 | D:5      | Found an iron altar of Okawaru.
  4989 | D:5      | Reached skill level 6 in Long Blades
  5327 | D:6      | Acquired Lugonu's fourth power
  5836 | D:7      | Mangled by an ogre

Action                   |  1- 3 |  4- 6 |  7- 9 || total
-------------------------+-------+-------+-------++-------
Melee: Falchion          |   124 |   279 |   148 ||   551
Invok: Bend Space        |       |     5 |     2 ||     7
  Use: Scroll            |     3 |     1 |     8 ||    12
